 Dungeon Sprint DCSS version 0.22.0-16-gc6d26f6 (webtiles) character file.

10030 poirepourri the Invulnerable (level 21, -14/194 HPs)
             Began as a Minotaur Fighter on Aug 17, 2018.
             Was an Initiate of Gozag.
             Killed from afar by a Brimstone Fiend (42 damage)
             ... with damnation
             ... in the Dungeon (Sprint VI: "Thunderdome").
             The game lasted 00:27:33 (4402 turns).

poirepourri the Invulnerable (Minotaur Fighter)     Turns: 4402, Time: 00:27:33

Health: -14/194    AC: 33    Str: 37    XL:     21   Next: 59%
Magic:  24/24      EV: 39    Int:  3    God:    Gozag
Gold:   1995       SH: 35    Dex: 34    Spells: 20/20 levels left

rFire    + + +     SeeInvis +   a - +8 broad axe "Otzoppio" {freeze, Dex+4}
rCold    + + +     Gourm    .   B - +1 large shield "Jilun" {rCorr Dex+3 SInv}
rNeg     + + +     Faith    .   K - +7 fire dragon scales
rPois    +         Spirit   .   (helmet restricted)
rElec    +         Reflect  .   u - +2 cloak of Pan-Flutes {Regen+}
rCorr    +         Harm     .   x - +0 pair of gloves of the Storm King {rN+++ MP-9 Str+7}
MR       +++..     NoTele   +   w - +0 pair of boots of Ru's Envy {+Inv rElec rCorr}
Stlth    ++++......             t - amulet "Wumm" {Fragile rElec rC+++ Regen+ Stlth+}
HPRegen  0.00/turn              f - ring "Dottas" {rPois MR++ MP+9 Int-4 Stlth+}
MPRegen  0.19/turn              r - ring "Zepnoczi" {+Fly Str+7 Dex+4 SInv}

@: agile, resistant, gold aura, flying, very slightly contaminated, studying
Dodging, invisible
A: retaliatory headbutt, horns 2, large bone plates 1, see invisible, clever 1,
poison resistance, inhibited regeneration
}: 4/15 runes: decaying, barnacled, elven, silver
a: Potion Petition, Call Merchant, Bribe Branch, Renounce Religion


You were in the Dungeon.
You worshipped Gozag.
Gozag was most pleased with you.
You were full.

You visited 1 branch You collected 25624 gold pieces.
You spent 14817 gold pieces at shops.
You paid 8812 gold pieces to Gozag.

Inventory:

Hand Weapons
 a - the +8 broad axe "Otzoppio" (weapon) {freeze, Dex+4}
   (You bought it in a shop in the Dungeon)

   It has been specially enchanted to freeze those struck by it, causing extra
   injury to most foes and up to half again as much damage against particularly
   susceptible opponents.
   It can also slow down cold-blooded creatures.
   It affects your dexterity (+4).
 b - the +0 hand crossbow of the Desolation of Salt {velocity, Dex+4}
   (You bought it in a shop in the Dungeon)

   Any bolt fired from it inflicts extra damage.
   It affects your dexterity (+4).
Missiles
 v - 3 throwing nets (quivered)
 y - 292 bolts
Armour
 c - the +0 hat of Maqaod {*Corrode rF++ rC+ Int-5 SInv}
   (You bought it in a shop in the Dungeon)

   It affects your intelligence (-5).
   It greatly protects you from fire.
   It protects you from cold.
   It lets you see invisible.
   It may corrode you when you take damage.
 u - the +2 cloak of Pan-Flutes (worn) {Regen+}
   (You bought it in a shop in the Dungeon)

   It increases your rate of regeneration.
 w - the +0 pair of boots of Ru's Envy (worn) {+Inv rElec rCorr}
   (You bought it in a shop in the Dungeon)

   It insulates you from electricity.
   It lets you turn invisible.
   It provides partial protection from all sources of acid and corrosion.
 x - the +0 pair of gloves of the Storm King (worn) {rN+++ MP-9 Str+7}
   (You bought it in a shop in the Dungeon)

   It affects your strength (+7).
   It renders you almost immune to negative energy.
   It affects your magic capacity (-9).
 z - a +2 chain mail of magic resistance
 B - the +1 large shield "Jilun" (worn) {rCorr Dex+3 SInv}
   (You bought it in a shop in the Dungeon)

   It affects your dexterity (+3).
   It lets you see invisible.
   It provides partial protection from all sources of acid and corrosion.
 K - +7 fire dragon scales (worn)
Jewellery
 f - the ring "Dottas" (left hand) {rPois MR++ MP+9 Int-4 Stlth+}
   (You bought it in a shop in the Dungeon)

   [ring of magical power]

   It affects your intelligence (-4).
   It protects you from poison.
   It affects your resistance to hostile enchantments.
   It affects your magic capacity (+9).
   It makes you more stealthy.
 n - the ring "Kyimnoer" {rPois rC+++ MR++ MP+9 Str+3 Dex-5}
   (You bought it in a shop in the Dungeon)

   [ring of magical power]

   It affects your strength (+3).
   It affects your dexterity (-5).
   It renders you almost immune to cold.
   It protects you from poison.
   It affects your resistance to hostile enchantments.
   It affects your magic capacity (+9).
 p - the ring "Wiraotem" {*Slow rPois rC+++ Dex+6 Slay+5}
   (You bought it in a shop in the Dungeon)

   [ring of dexterity]

   It affects your dexterity (+6).
   It affects your accuracy and damage with ranged weapons and melee attacks
   (+5).
   It renders you almost immune to cold.
   It protects you from poison.
   It may slow you when you take damage.
 q - the ring "Pashrib" {rElec MR+ Str+5 Int+3}
   (You bought it in a shop in the Dungeon)

   [ring of protection from magic]

   It affects your strength (+5).
   It affects your intelligence (+3).
   It insulates you from electricity.
   It affects your resistance to hostile enchantments.
 r - the ring "Zepnoczi" (right hand) {+Fly Str+7 Dex+4 SInv}
   (You bought it in a shop in the Dungeon)

   [ring of see invisible]

   It affects your strength (+7).
   It affects your dexterity (+4).
   It lets you see invisible.
   It lets you fly.
 s - the ring of Wu Jian's Wrath {+Blink Str+2 SInv Stlth+}
   (You bought it in a shop in the Dungeon)

   [ring of see invisible]

   It affects your strength (+2).
   It lets you see invisible.
   It lets you blink.
   It makes you more stealthy.
 t - the amulet "Wumm" (around neck) {Fragile rElec rC+++ Regen+ Stlth+}
   (You bought it in a shop in the Dungeon)

   [amulet of regeneration]

   It renders you almost immune to cold.
   It insulates you from electricity.
   It increases your rate of regeneration.
   It will be destroyed if unequipped.
   It makes you more stealthy.
 C - the ring of Karhaw {rCorr *Drain rF+ Slay+3 Stlth+}
   (You bought it in a shop in the Dungeon)

   [ring of resist corrosion]

   It affects your accuracy and damage with ranged weapons and melee attacks
   (+3).
   It protects you from fire.
   It causes draining when unequipped.
   It makes you more stealthy.
 F - the ring "Geidgh" {rCorr rF+}
   (You bought it in a shop in the Dungeon)

   [ring of resist corrosion]

   It protects you from fire.
 G - the ring "Gogum" {Wiz *Slow Str+7 Int+4}
   (You bought it in a shop in the Dungeon)

   [ring of wizardry]

   It improves your spell success rate.
   It affects your strength (+7).
   It affects your intelligence (+4).
   It may slow you when you take damage.
 H - the ring of Mosoemom {rElec rPois MP+9 Int-4}
   (You bought it in a shop in the Dungeon)

   [ring of magical power]

   It affects your intelligence (-4).
   It insulates you from electricity.
   It protects you from poison.
   It affects your magic capacity (+9).
Wands
 l - a wand of digging (5)
Scrolls
 d - 13 scrolls of remove curse
 k - 7 scrolls of blinking
 o - 3 scrolls of fog
 A - 5 scrolls of identify
Potions
 e - 17 potions of curing
 g - 31 potions of heal wounds
 h - 7 potions of haste
 i - 2 potions of magic
 m - 4 potions of resistance
 D - 12 potions of might
 E - 11 potions of agility
 I - 3 potions of experience
Books
 J - a manual of Dodging
Comestibles
 j - 4 rations


   Skills:
 - Level 18.1 Fighting
 + Level 21.9 Axes
 O Level 27 Armour
 - Level 20.1 Dodging
 - Level 25.1 Shields
 - Level 5.5 Evocations


You had 20 spell levels left.
You didn't know any spells.
Your spell library was empty.

Dungeon Overview and Level Annotations

Branches:
Dungeon (1/1)

Altars:
Cheibriados
Dithmenos
Fedhas
Gozag
Kikubaaqudgha
Makhleb
Okawaru
Qazlal
Ru
Sif Muna
Trog
Uskayaw
Vehumet
Wu Jian
Xom
Yredelemnul
Zin
The Shining One
Beogh
Jiyva
Lugonu

Shops:
D *[%?(!?*?*((:[((!!!!


Innate Abilities, Weirdness & Mutations

You reflexively headbutt those who attack you in melee.
You have a pair of horns on your head.
You are partially covered in large bone plates. (SH +4)
You have supernaturally acute eyesight. (SInv)
Your mind is acute. (Int +2)
Your system is resistant to poisons. (rPois)
You do not regenerate when monsters are visible.


Message History

The balrug shouts!
You closely miss the hellion. You headbutt the hellion!
The hellion is moderately wounded.
You block the hellion's attack.
You hit the hellion but do no damage. You headbutt the hellion.
The hellion is moderately wounded.
You slice the Brimstone Fiend!! You freeze the Brimstone Fiend.
The hellion gestures at you.
The sphere of damnation explodes!
The damnation engulfs you!
* * * LOW HITPOINT WARNING * * *
The damnation engulfs the hellion.
The hellion completely resists.
The damnation engulfs the Brimstone Fiend.
The Brimstone Fiend completely resists.
The Brimstone Fiend gestures at you.
The sphere of damnation explodes!
The damnation engulfs the hellion.
The hellion completely resists.
The damnation engulfs the Brimstone Fiend.
The Brimstone Fiend completely resists.
The damnation engulfs you!
You die...
Your body crumbles into a pile of gold.

#_)().[[(_# ###()((((..)###
#)())(..2....⌠#
#####.81....∩.(.8.######
∩.__∩.(...###.))).[___∩##
....[)..8.# #.8(.....[(∩###
......([..###...)1((.(((([##
(.......##...###21.....[).)#
..)..[.#...<.# #@..[.....[⌠#
.()...∩###...###).).......⌠#
..(...[...##......).[.....##
.[[[.[([8.###.8..(...[.∩###
∩___)...[.###..$...___∩##
#####[8[..).∩.[.8.######
#⌠..[........⌠#
###.........### #_......._#


You could see 2 Brimstone Fiends, a balrug and a hellion (wandering).

Vanquished Creatures
  Mennas (D)
  An orb of fire (D)
  Margery (D)
  A deep elf master archer (D)
  Donald (D)
  A thorn hunter (D)
  2 nagarajas (D)
  A fire giant (D)
  3 ghost moths (D)
  A balrug (D)
  2 apis (D)
  8 lorocyprocas (D)
  Nessos (D)
  2 yaktaur captains (D)
  A vault guard (D)
  A naga warrior (D)
  A wizard (D)
  A hydra (D)
  An anaconda (D)
  2 merfolk avatars (D)
  A centaur warrior (D)
  5 death yaks (D)
  A naga sharpshooter (D)
  6 hell knights (D)
  2 deep elf knights (D)
  2 sun demons (D)
  3 deep elf archers (D)
  An ironbrand convoker (D)
  Pikel (D)
  3 necromancers (D)
  9 deep elf magi (D)
  A manticore (D)
  2 moths of wrath (D)
  A merfolk siren (D)
  A black mamba (D)
  5 naga magi (D)
  3 hellions (D)
  2 rime drakes (D)
  An efreet (D)
  12 yaktaurs (D)
  A wind drake (D)
  3 merfolk (D)
  A wind drake (shapeshifter) (D)
  A snapping turtle (D)
  A hippogriff (D)
  7 dream sheep (D)
  An air elemental (D)
  A wraith (D)
  A water elemental (D)
  Eustachio (D)
  2 yaks (D)
  A wyvern (D)
  A hog (shapeshifter) (D)
  9 neqoxecs (D)
  2 steam dragons (D)
  A hungry ghost (D)
  11 vampire mosquitoes (D)
  An insubstantial wisp (D)
  A naga (shapeshifter) (D)
  A water moccasin (D)
  3 acid dragons (D)
  3 sky beasts (D)
  4 porcupines (D)
  5 eyes of draining (D)
  2 crocodiles (D)
  8 centaurs (D)
  A big kobold (D)
  A crimson imp (D)
  A lightning spire (D)
  A river rat (D)
  2 white imps (D)
  An ufetubus (D)
  An adder skeleton (D)
  A goblin (D)
  3 kobolds (D)
  A leopard gecko skeleton (D)
  A quokka skeleton (D)
  6 briar patches (D)
  2 fire vortices (D)
190 creatures vanquished.

Vanquished Creatures (others)
  3 dancing weapons (D)
  11 ball lightnings (D)
14 creatures vanquished.

Grand Total: 204 creatures vanquished

Notes
Turn   | Place    | Note
-------+----------+-------------------------------------------
     0 | D        | poirepourri the Minotaur Fighter began the quest for the Orb.
     0 | D        | Reached XP level 1. HP: 19/19 MP: 0/0
     3 | D        | Found a glowing golden altar of the Shining One.
     3 | D        | Found an ornate altar of the Wu Jian Council.
     4 | D        | Found an iron altar of Okawaru.
     4 | D        | Found a viscous altar of Jiyva.
     5 | D        | Found an ancient bone altar of Kikubaaqudgha.
     5 | D        | Round 1.
     6 | D        | Found Lesite's Delicious Food.
     6 | D        | Found a blossoming altar of Fedhas.
     6 | D        | Found a sacrificial altar of Ru.
     6 | D        | Found Xisot's Identification Station.
     7 | D        | Found Xyoz Pui's Jewellery.
     7 | D        | Found Guby's Advanced Armour.
    15 | D        | Bought a glittering garnet amulet for 45 gold pieces
    15 | D        | Bought a glittering marble ring for 45 gold pieces
    15 | D        | Bought a crude ivory ring for 45 gold pieces
    15 | D        | Identified the amulet "Okyfaino" {Spirit MR+} (You bought it in a shop in the Dungeon)
    16 | D        | Identified the ring of Doors {+Fly rPois rN+ MR- Int+4} (You bought it in a shop in the Dungeon)
    17 | D        | Identified the ring "Zepnoczi" {+Fly Str+7 Dex+4 SInv} (You bought it in a shop in the Dungeon)
    18 | D        | Bought a smoking silver ring for 45 gold pieces
    19 | D        | Identified the cursed ring of Vuprunih {rF+ rC+++ MR- Str-3 Int+2} (You bought it in a shop in the Dungeon)
    23 | D        | Found a bloodstained altar of Trog.
    25 | D        | Found a corrupted altar of Lugonu.
    25 | D        | Noticed Eustachio
    26 | D        | Found Coron's Premium Goods.
    27 | D        | Found Rise's Miscellaneous Merchandise.
    27 | D        | Found Igremm's Basic Armour.
    28 | D        | Found a burning altar of Makhleb.
    28 | D        | Found a hide-covered altar of Uskayaw.
    28 | D        | Found a stormy altar of Qazlal.
    28 | D        | Found Mudout's Weapon Rack.
    44 | D        | Killed Eustachio
    44 | D        | Reached skill level 7 in Armour
    44 | D        | Reached skill level 1 in Dodging
    44 | D        | Reached XP level 2. HP: 20/34 MP: 1/1
    44 | D        | Reached XP level 3. HP: 24/39 MP: 2/2
    44 | D        | Reached XP level 4. HP: 28/47 MP: 3/3
    44 | D        | Reached XP level 5. HP: 32/52 MP: 4/4
    49 | D        | Found a snail-covered altar of Cheibriados.
    50 | D        | Found a deep blue altar of Sif Muna.
    54 | D        | Found a shadowy altar of Dithmenos.
    54 | D        | Found Caugesu's Do-It-Yourself Clinic.
    54 | D        | Found Saqaps's Bottled Wisdom.
    55 | D        | Found Toikh's Distillery.
    56 | D        | Found an opulent altar of Gozag.
    56 | D        | Found a basalt altar of Yredelemnul.
    56 | D        | Found a radiant altar of Vehumet.
    56 | D        | Found Mughuno's Distillery.
    60 | D        | Found a glowing silver altar of Zin.
    65 | D        | Became a worshipper of Gozag Ym Sagoz the Greedy
    73 | D        | Found a roughly hewn altar of Beogh.
    74 | D        | Found a shimmering altar of Xom.
    74 | D        | Found Kaoskil's Staff Store.
    76 | D        | Found Qamuu's Magic Scroll Shop.
   106 | D        | Found Nuacimab's Must-Have Magic.
   106 | D        | Found Neaz's Magic Scroll Shop.
   118 | D        | Reached skill level 5 in Axes
   196 | D        | Arena points: 12 (+12) [x2]
   212 | D        | Round 2.
   240 | D        | Noticed Pikel
   258 | D        | Killed Pikel
   258 | D        | Reached XP level 6. HP: 54/60 MP: 1/5
   258 | D        | Reached XP level 7. HP: 60/66 MP: 1/6
   289 | D        | Reached skill level 15 in Axes
   291 | D        | Arena points: 54 (+42) [x3]
   355 | D        | Round 3.
   462 | D        | Reached XP level 8. HP: 47/73 MP: 4/7
   489 | D        | Noticed a six-headed hydra
   495 | D        | Killed a six-headed hydra
   503 | D        | Noticed a dream sheep
   513 | D        | Killed a dream sheep
   513 | D        | Arena points: 138 (+84) [x4]
   528 | D        | Bought 15 scrolls of remove curse for 450 gold pieces
   528 | D        | Bought a scroll of brand weapon for 200 gold pieces
   545 | D        | Bought a smoking glass ring for 45 gold pieces
   546 | D        | Identified the ring "Dottas" {rPois MR++ MP+9 Int-4 Stlth+} (You bought it in a shop in the Dungeon)
   546 | D        | Round 4.
   552 | D        | Reached XP level 9. HP: 38/83 MP: 7/8
   575 | D        | Bought 3 potions of heal wounds for 105 gold pieces
   575 | D        | Bought 3 potions of heal wounds for 105 gold pieces
   575 | D        | Bought 3 potions of heal wounds for 105 gold pieces
   575 | D        | Bought 3 potions of heal wounds for 105 gold pieces
   632 | D        | Reached skill level 10 in Fighting
   644 | D        | Noticed a death yak
   651 | D        | Bought 4 potions of curing for 84 gold pieces
   656 | D        | Killed a death yak
   658 | D        | Arena points: 278 (+140) [x5]
   692 | D        | Round 5.
   693 | D        | Noticed a thorn hunter
   704 | D        | Killed a thorn hunter
   704 | D        | Reached XP level 10. HP: 13/110 MP: 2/9
   764 | D        | Noticed a witch
   777 | D        | Killed a witch
   777 | D        | Arena points: 558 (+280) [x7]
   780 | D        | Got a decaying rune of Zot
   783 | D        | Reached XP level 11. HP: 61/118 MP: 10/10
   962 | D        | Round 6.
   999 | D        | Reached skill level 10 in Shields
  1100 | D        | Arena points: 594 (+36) [x1]
  1115 | D        | Round 7.
  1223 | D        | Arena points: 720 (+126) [x2]
  1279 | D        | Round 8.
  1349 | D        | Noticed Nessos
  1363 | D        | Killed Nessos
  1363 | D        | Reached skill level 15 in Shields
  1439 | D        | Arena points: 960 (+240) [x3]
  1463 | D        | Round 9.
  1468 | D        | Bought a heavily runed bone amulet for 45 gold pieces
  1469 | D        | Lost intelligence.
  1469 | D        | Identified the amulet of Summer {RegenMP MP+9 Int-5 Dex+7 Stlth+} (You bought it in a shop in the Dungeon)
  1474 | D        | Bought a warped silver amulet for 45 gold pieces
  1475 | D        | Identified the amulet of Ijyumu Rida {Faith rF+ rC- rN+} (You bought it in a shop in the Dungeon)
  1476 | D        | Bought a shimmering zirconium amulet for 45 gold pieces
  1477 | D        | Identified the amulet "Wumm" {Fragile rElec rC+++ Regen+ Stlth+} (You bought it in a shop in the Dungeon)
  1489 | D        | Bought a pair of pitted boots for 332 gold pieces
  1489 | D        | Bought a pair of faintly humming gloves for 332 gold pieces
  1489 | D        | Bought a fine shield for 332 gold pieces
  1489 | D        | Bought a warped cloak for 332 gold pieces
  1595 | D        | Bought a potion of experience for 300 gold pieces
  1595 | D        | Reached skill level 5 in Dodging
  1595 | D        | Reached XP level 12. HP: 55/127 MP: 11/11
  1598 | D        | Noticed a merfolk avatar
  1613 | D        | Killed a merfolk avatar
  1620 | D        | Arena points: 1284 (+324) [x4]
  1620 | D        | Reached XP level 13. HP: 40/134 MP: 12/12
  1636 | D        | Identified the +2 pair of boots of Birdsong {rElec rPois rCorr Slay-5} (You bought it in a shop in the Dungeon)
  1641 | D        | Identified the +0 pair of gloves of Shadows and Fog {rC+ rCorr Dex-5 Stlth+} (You bought it in a shop in the Dungeon)
  1651 | D        | Identified the +0 shield of the Many Stars {rC++ Stlth+} (You bought it in a shop in the Dungeon)
  1656 | D        | Identified the +2 cloak of Pan-Flutes {Regen+} (You bought it in a shop in the Dungeon)
  1659 | D        | Round 10.
  1729 | D        | Arena points: 1884 (+600) [x6]
  1732 | D        | Got a barnacled rune of Zot
  1736 | D        | Reached skill level 9 in Armour
  1736 | D        | Reached XP level 14. HP: 97/143 MP: 13/13
  1777 | D        | Bought a pair of translucent boots for 332 gold pieces
  1777 | D        | Bought a pair of polished gloves for 332 gold pieces
  1787 | D        | Identified the cursed +0 pair of boots of Ru's Envy {+Inv rElec rCorr} (You bought it in a shop in the Dungeon)
  1792 | D        | Identified the cursed +0 pair of gloves of the Storm King {rN+++ MP-9 Str+7} (You bought it in a shop in the Dungeon)
  1813 | D        | Bought a distressingly furry hat for 315 gold pieces
  1818 | D        | Identified the +0 hat of Maqaod {*Corrode rF++ rC+ Int-5 SInv} (You bought it in a shop in the Dungeon)
  1818 | D        | Lost intelligence.
  1887 | D        | Round 11.
  2018 | D        | Arena points: 2808 (+924) [x7]
  2066 | D        | Bought 2 rations for 40 gold pieces
  2066 | D        | Bought 2 rations for 40 gold pieces
  2066 | D        | Bought 2 rations for 40 gold pieces
  2066 | D        | Bought 2 rations for 40 gold pieces
  2078 | D        | Round 12.
  2101 | D        | Bought 8 scrolls of enchant weapon for 600 gold pieces
  2101 | D        | Bought 3 scrolls of blinking for 225 gold pieces
  2150 | D        | Noticed a nagaraja
  2156 | D        | Killed a nagaraja
  2209 | D        | Noticed a nagaraja
  2221 | D        | Killed a nagaraja
  2264 | D        | Arena points: 2952 (+144) [x1]
  2273 | D        | Bought a glowing hand crossbow for 195 gold pieces
  2279 | D        | Round 13.
  2288 | D        | Bought 50 bolts for 300 gold pieces
  2334 | D        | Reached skill level 15 in Dodging
  2343 | D        | Noticed Donald
  2367 | D        | Killed Donald
  2414 | D        | Arena points: 3316 (+364) [x2]
  2472 | D        | Round 14.
  2502 | D        | Bought 3 scrolls of identify for 150 gold pieces
  2503 | D        | Bought a fine large shield for 332 gold pieces
  2503 | D        | Identified the +1 large shield "Jilun" {rCorr Dex+3 SInv} (You bought it in a shop in the Dungeon)
  2515 | D        | Reached skill level 10 in Armour
  2519 | D        | Reached skill level 11 in Armour
  2627 | D        | Arena points: 3778 (+462) [x3]
  2664 | D        | Bought the +8 broad axe "Otzoppio" {freeze, Dex+4} for 1126 gold pieces
  2678 | D        | Round 15.
  2693 | D        | Noticed a deep elf master archer
  2702 | D        | Killed a deep elf master archer
  2734 | D        | Bought 2 potions of experience for 600 gold pieces
  2734 | D        | Reached XP level 15. HP: 148/149 MP: 14/14
  2735 | D        | Reached XP level 16. HP: 157/157 MP: 15/15
  2784 | D        | Noticed Fannar
  2818 | D        | Arena points: 3928 (+150) [x1]
  2821 | D        | Got an elven rune of Zot
  2966 | D        | Bought 3 potions of haste for 210 gold pieces
  2967 | D        | Bought 6 potions of might for 168 gold pieces
  2967 | D        | Bought 6 potions of agility for 168 gold pieces
  2967 | D        | Bought a potion of might for 28 gold pieces
  2968 | D        | Bought 6 potions of might for 168 gold pieces
  2968 | D        | Bought 6 potions of agility for 168 gold pieces
  3003 | D        | Round 16.
  3010 | D        | Gained mutation: You do not regenerate when monsters are visible. [a neqoxec]
  3012 | D        | Lost intelligence.
  3016 | D        | Gained mutation: You are dopey. (Int -2) [a neqoxec]
  3016 | D        | Gained mutation: You are clumsy. (Dex -2) [a neqoxec]
  3019 | D        | Gained mutation: You are weak. (Str -2) [a neqoxec]
  3069 | D        | Arena points: 4248 (+320) [x2]
  3084 | D        | Round 17.
  3220 | D        | Arena points: 5013 (+765) [x3]
  3283 | D        | Round 18.
  3315 | D        | Bought 2 potions of mutation for 112 gold pieces
  3315 | D        | Lost mutation: You are dopey. (Int -2) [potion of mutation]
  3315 | D        | Lost mutation: You are weak. (Str -2) [potion of mutation]
  3315 | D        | Lost mutation: You are clumsy. (Dex -2) [potion of mutation]
  3315 | D        | Gained mutation: You have a beak for a mouth. [potion of mutation]
  3315 | D        | Gained mutation: Scrolls take you a little longer to read. [potion of mutation]
  3315 | D        | Lost mutation: Scrolls take you a little longer to read. [potion of mutation]
  3315 | D        | Gained mutation: You are agile. (Dex +2) [potion of mutation]
  3316 | D        | Lost mutation: You are agile. (Dex +2) [potion of mutation]
  3316 | D        | Gained mutation: You have a pair of large horns on your head. [potion of mutation]
  3316 | D        | Gained mutation: You passively map a small area around you. [potion of mutation]
  3316 | D        | Gained mutation: You have an increased reservoir of magic. (+10% MP) [potion of mutation]
  3317 | D        | Bought 2 potions of mutation for 112 gold pieces
  3317 | D        | Lost mutation: You do not regenerate when monsters are visible. [potion of mutation]
  3317 | D        | Lost mutation: You have a pair of large horns on your head. [potion of mutation]
  3317 | D        | Lost mutation: You passively map a small area around you. [potion of mutation]
  3317 | D        | Gained mutation: You are clumsy. (Dex -2) [potion of mutation]
  3317 | D        | Gained mutation: You are weak. (Str -2) [potion of mutation]
  3317 | D        | Lost mutation: You are weak. (Str -2) [potion of mutation]
  3318 | D        | Lost mutation: You are clumsy. (Dex -2) [potion of mutation]
  3318 | D        | Lost mutation: You have an increased reservoir of magic. (+10% MP) [potion of mutation]
  3318 | D        | Lost mutation: You have a beak for a mouth. [potion of mutation]
  3318 | D        | Gained mutation: You have supernaturally acute eyesight. (SInv) [potion of mutation]
  3318 | D        | Gained mutation: Your system is resistant to poisons. (rPois) [potion of mutation]
  3318 | D        | Gained mutation: Your mind is acute. (Int +2) [potion of mutation]
  3386 | D        | Reached skill level 12 in Armour
  3386 | D        | Reached XP level 17. HP: 163/163 MP: 13/16
  3397 | D        | Arena points: 6021 (+1008) [x4]
  3397 | D        | Reached skill level 13 in Armour
  3454 | D        | Round 19.
  3471 | D        | Reached skill level 14 in Armour
  3488 | D        | Bought a faintly glowing hand crossbow for 297 gold pieces
  3488 | D        | Identified the +0 hand crossbow of the Desolation of Salt {velocity, Dex+4} (You bought it in a shop in the Dungeon)
  3529 | D        | Reached skill level 15 in Armour
  3558 | D        | Noticed Margery
  3569 | D        | Reached skill level 16 in Armour
  3578 | D        | Killed Margery
  3578 | D        | Reached skill level 18 in Armour
  3586 | D        | Bought 6 potions of resistance for 420 gold pieces
  3612 | D        | Bought 3 potions of experience for 900 gold pieces
  3612 | D        | Reached XP level 18. HP: 86/172 MP: 17/17
  3613 | D        | Reached XP level 19. HP: 91/179 MP: 17/20
  3614 | D        | Reached skill level 5 in Evocations
  3614 | D        | Reached XP level 20. HP: 96/187 MP: 17/23
  3616 | D        | Bought 3 potions of heal wounds for 105 gold pieces
  3616 | D        | Bought 3 potions of heal wounds for 105 gold pieces
  3616 | D        | Bought 4 potions of curing for 84 gold pieces
  3619 | D        | Arena points: 6230 (+209) [x1]
  3634 | D        | Round 20.
  3637 | D        | Bought a potion of heal wounds for 90 gold pieces
  3644 | D        | Bought a twitching bone ring for 45 gold pieces
  3644 | D        | Bought a scorched marble ring for 45 gold pieces
  3644 | D        | Bought a heavily runed jade ring for 45 gold pieces
  3644 | D        | Bought a scintillating amber ring for 45 gold pieces
  3644 | D        | Identified the ring "Kyimnoer" {rPois rC+++ MR++ MP+9 Str+3 Dex-5} (You bought it in a shop in the Dungeon)
  3654 | D        | Bought 3 scrolls of identify for 150 gold pieces
  3654 | D        | Bought 3 scrolls of identify for 150 gold pieces
  3654 | D        | Identified the ring "Wiraotem" {*Slow rPois rC+++ Dex+6 Slay+5} (You bought it in a shop in the Dungeon)
  3655 | D        | Identified the ring "Pashrib" {rElec MR+ Str+5 Int+3} (You bought it in a shop in the Dungeon)
  3656 | D        | Identified the ring of Wu Jian's Wrath {+Blink Str+2 SInv Stlth+} (You bought it in a shop in the Dungeon)
  3666 | D        | Bought a brightly glowing lapis lazuli ring for 45 gold pieces
  3666 | D        | Bought a scorched lead ring for 45 gold pieces
  3666 | D        | Bought a coiled glass ring for 45 gold pieces
  3666 | D        | Bought a vibrating wooden ring for 45 gold pieces
  3671 | D        | Noticed Mennas
  3673 | D        | Bought 3 scrolls of identify for 150 gold pieces
  3673 | D        | Bought 3 scrolls of identify for 150 gold pieces
  3673 | D        | Identified the ring of Karhaw {rCorr *Drain rF+ Slay+3 Stlth+} (You bought it in a shop in the Dungeon)
  3674 | D        | Identified the ring "Geidgh" {rCorr rF+} (You bought it in a shop in the Dungeon)
  3713 | D        | Killed Mennas
  3713 | D        | Arena points: 7010 (+780) [x3]
  3713 | D        | Reached skill level 22 in Armour
  3727 | D        | Got a silver rune of Zot
  3768 | D        | Identified the ring of Mosoemom {rElec rPois MP+9 Int-4} (You bought it in a shop in the Dungeon)
  3769 | D        | Identified the ring "Gogum" {Wiz *Slow Str+7 Int+4} (You bought it in a shop in the Dungeon)
  3774 | D        | Bought +0 fire dragon scales for 720 gold pieces
  3798 | D        | Bought 4 scrolls of enchant armour for 300 gold pieces
  3798 | D        | Bought 4 scrolls of enchant armour for 300 gold pieces
  3913 | D        | Round 21.
  4005 | D        | Reached skill level 23 in Armour
  4083 | D        | Arena points: 8270 (+1260) [x4]
  4102 | D        | Round 22.
  4104 | D        | Bought 3 potions of experience for 900 gold pieces
  4124 | D        | Bought 3 potions of heal wounds for 105 gold pieces
  4124 | D        | Bought 3 potions of heal wounds for 105 gold pieces
  4124 | D        | Bought 3 potions of heal wounds for 105 gold pieces
  4124 | D        | Bought 3 potions of heal wounds for 105 gold pieces
  4124 | D        | Bought 4 potions of curing for 84 gold pieces
  4124 | D        | Bought 4 potions of curing for 84 gold pieces
  4124 | D        | Bought 3 potions of heal wounds for 105 gold pieces
  4134 | D        | Reached skill level 24 in Armour
  4186 | D        | Reached skill level 25 in Armour
  4256 | D        | Arena points: 10030 (+1760) [x5]
  4256 | D        | Reached skill level 26 in Armour
  4284 | D        | Round 23.
  4313 | D        | Noticed an orb of fire
  4326 | D        | Reached XP level 21. HP: 157/194 MP: 15/24
  4334 | D        | Gained mutation: You are partially covered in large bone plates. (SH +4) [an orb of fire]
  4348 | D        | Gained mutation: You do not regenerate when monsters are visible. [an orb of fire]
  4351 | D        | Killed an orb of fire
  4351 | D        | Reached skill level 27 in Armour
  4399 | D        | Noticed an orb of fire
  4402 | D        | Killed from afar by a Brimstone Fiend

Skill      XL: |  1  2  3  4  5  6  7  8  9 10 11 12 13 14 15 16 17 18 19 20 21 |
---------------+----------------------------------------------------------------+-----
Fighting       | 7 9 16 17 18 | 18.1
Axes           | 4 14 16 19 21 | 21.9
Armour         | 7 9 11 12 18 26 27 | 27.0
Dodging        | 1 5 17 19 20 | 20.1
Shields        | 7 9 17 19 22 25 | 25.1
Evocations     | 3 5 |  5.5

Action                   |  1- 3 |  4- 6 |  7- 9 | 10-12 | 13-15 | 16-18 | 19-21 || total
-------------------------+-------+-------+-------+-------+-------+-------+-------++-------
Melee: War axe           |    11 |    24 |    58 |   107 |   147 |       |       ||   347
       Headbutt          |     3 |     6 |    18 |    33 |    38 |    48 |    61 ||   207
       Broad axe         |       |       |       |       |     9 |   160 |   166 ||   335
 Fire: Hand crossbow     |       |       |       |       |    15 |     2 |       ||    17
Invok: Potion Petition   |       |       |     2 |     7 |       |     2 |     2 ||    13
       Call Merchant     |       |       |       |       |     2 |     1 |     1 ||     4
Evoke: Wand              |       |       |     6 |     3 |       |     1 |     1 ||    11
  Use: Potion            |     2 |     1 |     3 |     3 |     3 |     7 |     8 ||    27
       Scroll            |       |       |     2 |       |    10 |     1 |    16 ||    29
 Stab: Invisible         |       |       |       |     2 |       |     3 |       ||     5
       Distracted        |       |       |       |       |     1 |     3 |     5 ||     9
  Eat: Ration            |       |       |     1 |       |     2 |       |     2 ||     5
Armor: Scale mail        |     5 |     5 |     7 |     9 |     5 |       |       ||    31
       Chain mail        |       |       |       |       |     6 |    17 |     6 ||    29
       Fire dragon scale |       |       |       |       |       |       |     4 ||     4
Dodge: Dodged            |     8 |     3 |    12 |    24 |    30 |    39 |    24 ||   140
Block: Shield            |    10 |    18 |    27 |    67 |    51 |    13 |       ||   186
       Large shield      |       |       |       |       |       |   112 |   134 ||   246
